Irin, chaotic female human Rogue ---- ... -... -.... ...... --- -..... --.-- -- ----...... ------ --- |...| ---. --.|........ --....--- ---.----...-- -................. |.......| ---- |...........| ................ --.....`| |..----.|.---..<.-- -............... --.....---......*|-- --..-- |....>.......... ---)..........---- --.| |................ |-.............-- |G| ...............-- |...............| |G| ...........------.|.|..........-- |)-- .....|.--...-----.--...--- |G.-- -..............||..-- |GGf| --.....------------- |@..| --..--- ----- ---- Irin the Cutpurse Experience level: 3 Strength: 15 Dexterity: 18 Constitution: 11 Intelligence: 11 Wisdom: 11 Charisma: 9 Health: 0(25) Energy: 12(12) Def: 3 Gold: 161 Moves: 1144 Dungeon seed: gB7d2Xio3EXykyoX Game ID: Irin_1480015726 Your Inventory: Coins $ - 161 gold pieces Weapons a - a blessed +1 short sword (weapon in hand) b - 4 +0 daggers (in quiver) Armor d - an uncursed +1 leather armor (being worn) Comestibles k - an uncursed food ration l - 2 uncursed cram rations s - an uncursed lichen corpse Spellbooks g - an uncursed spellbook of sleep Potions c - an uncursed potion of sickness j - an uncursed potion of water o - a cursed potion of gain ability p - a blessed potion of restore ability r - an uncursed potion of polymorph t - an uncursed potion of monster detection Tools e - an uncursed lock pick f - an uncursed sack w - an uncursed tallow candle (0:200) Gems n - an uncursed worthless piece of orange glass q - an uncursed worthless piece of red glass Spells and supernatural/magical abilities: Name Level Category Fail Memory z - sleep 1 enchantment 44% 99% W - pray for help -- divine ? -- Your skills at the end: Fighting Skills Weapon Skills dagger [Basic] short sword [Basic] Spellcasting Skills Final Attributes: You were piously aligned. You were stealthy. You are dead. Vanquished creatures: a small mimic a gnome lord a hobbit 3 gnomes a jackal a goblin 2 sewer rats a grid bug 3 lichens a newt 15 creatures vanquished. Voluntary challenges: You used a wielded weapon 12 times, starting on turn 320. You read items or engraved 3 times, starting on turn 794. You never genocided any monsters. You never polymorphed an object. You never changed form. You used no wishes. You never split a pudding. You never wrote Elbereth's name. You never violated your personal moral code. Dungeon overview: The Dungeons of Doom: levels 1 to 3 Level 1 a fountain a long staircase Level 2 a general store stairs to The Gnomish Mines Level 3 a fountain The Gnomish Mines: Level 3 <- You were here stairs to The Dungeons of Doom History has recorded: On T:1 you entered the Dungeons of Doom to retrieve the Amulet of Yendor! On T:402 you reached level 2 of The Dungeons of Doom. On T:650 you reached level 3 of The Dungeons of Doom. On T:922 you advanced to experience level 2. On T:987 you reached level 1 of The Gnomish Mines. On T:1114 you advanced to experience level 3. Score breakdown: Gold: 161 ( 7516 points) Experience: 3 levels ( 7878 points) Exploration: 3 levels ( 6.67%) ( 6396 points) Discoveries: 4 items ( 1.34%) ( 3475 points) Valuables value: (no points given unless you survive) Artifact value: 0 ( 0 points) Variety of kills: 10 monsters ( 2.62%) ( 4860 points) Turncount: 1144 turns ( 0 points) Survival: died (score multiplied by 80%) Total score: 24100 Latest messages: The kitten bites the gnome. The gnome is killed! The kitten eats a gnome corpse. The gnome hits the kitten. The gnome picks up a crossbow. The gnome hits! There are a few objects here. The gnome hits! (2x) You begin praying to Kos. You are surrounded by a shimmering light. The gnome starts to attack you, but pulls back. You feel that Kos is well-pleased. Your short sword softly glows with a light blue aura. The phial crashes on the gnome's head and breaks into shards. The murky potion evaporates. (You can name a murky potion from the item naming menu.) The gnome hits! (2x) You die... The sack is empty. The sack is empty. Final status: Goodbye Irin the Rogue, killed by a gnome... You died in The Gnomish Mines on dungeon level 3 with 24100 points, and 161 pieces of gold, after 1144 moves. You were level 3 with a maximum of 25 hit points when you died.